 Dungeon Sprint DCSS version 0.30-a0-1163-gf69bf04e7a (webtiles) character file.

Game seed: 15920855134737481573

2902 rocky1 the Scorcher (level 9, -5/45 HPs)
             Began as a Deep Elf Fire Elementalist on Apr 29, 2023.
             Was a High Priest of Sif Muna.
             Slain by a death yak (9 damage)
             ... in the Dungeon (Sprint VII: "The Pits").
             The game lasted 00:08:32 (2635 turns).

rocky1 the Scorcher (Deep Elf Fire Elementalist)    Turns: 2635, Time: 00:08:32

Health: -5/45      AC:  2    Str:  5    XL:     9   Next: 49%
Magic:  6/26       EV: 12    Int: 25    God:    Sif Muna [*****.]
Gold:   0          SH:  0    Dex: 15    Spells: 14/31 levels left

rFire   . . .        c - +5 short sword
rCold   . . .        (no shield)
rNeg    . . .        a - +0 robe
rPois   .            (no helmet)
rElec   .            (no cloak)
rCorr   .            (no gloves)
SInv    .            (no boots)
Will    .....        (no amulet)
Stlth   ++           (no ring)
HPRegen 0.27/turn    (no ring)
MPRegen 0.20/turn

%: no teleportation
@: no status effects
A: no striking features
a: Renounce Religion, Channel Magic, Forget Spell, Divine Exegesis


You were in the Dungeon.
You worshipped Sif Muna.
Sif Muna was extremely pleased with you.
You visited 1 branch

Inventory:

Hand Weapons
 c - a +5 short sword (weapon)
Armour
 a - a +0 robe (worn)
Potions
 b - a potion of magic
 g - 5 potions of curing


   Skills:
 - Level 2.5 Dodging
 - Level 2.5 Stealth
 + Level 11.6 Spellcasting
 + Level 2.2 Conjurations
 + Level 1.6 Summonings
 * Level 19.1 Fire Magic
 + Level 1.4 Air Magic
 - Level 10.2 Invocations


You had 14 spell levels left.
You knew the following spells:

 Your Spells              Type           Power      Damage    Failure   Level
a - Foxfire               Conj/Fire      100%       2x1d9     1%          1
b - Scorch                Fire           100%       2d9       0%          2
c - Volatile Blastmotes   Fire/Tloc      100%       2d18      1%          3
d - Inner Flame           Hex/Fire       58%        N/A       1%          3
e - Flame Wave            Conj/Fire      62%        2d14      1%          4
f - Summon Lightning Spi  Summ/Air       22%        N/A       22%         4

Your spell library contained the following spells:

 Spells                   Type           Power      Damage    Failure   Level
 Summon Small Mammal      Summ           88%        N/A       1%          1
 Ensorcelled Hibernation  Hex/Ice        28%        N/A       6%          2
 Call Canine Familiar     Summ           22%        N/A       6%          3
 Spider Form              Tmut/Pois      14%        N/A       12%         3
 Fulminant Prism          Conj/Hex       10%        3d9       26%         4
 Iskenderun's Mystic Bla  Conj/Tloc      20%        2d6       26%         4
 Animate Armour           Summ/Erth      36%        N/A       28%         4
 Summon Ice Beast         Ice/Summ       18%        N/A       28%         4
 Anguish                  Hex/Necr       7%         N/A       38%         4
 Leda's Liquefaction      Hex/Erth       7%         N/A       38%         4
 Olgreb's Toxic Radiance  Pois           14%        N/A       38%         4
 Petrify                  Tmut/Erth      14%        N/A       38%         4
 Summon Mana Viper        Hex/Summ       18%        N/A       63%         5


Dungeon Overview and Level Annotations

Branches:
Dungeon (1/1)

Altars:
Ashenzari
Cheibriados
Dithmenos
Elyvilon
Fedhas
Gozag
Hepliaklqana
Kikubaaqudgha
Makhleb
Nemelex Xobeh
Okawaru
Qazlal
Ru
Sif Muna
Trog
Uskayaw
Vehumet
Wu Jian
Xom
Yredelemnul
Zin
The Shining One
Jiyva
Lugonu


Message History

You finish channelling waves of flame.
You hear a bellow! x2
The blink frog blinks!
Casting: Scorch (safe; 0% risk of failure)
Press: ? - help, Q - select action, (/) - cycle Dir - look around, f - activate Flames lash the yak.
The yak is moderately wounded.
The yak's fire resistance burns away.
The death yak gores you but does no damage.
A yak comes into view.
Casting: Scorch (safe; 0% risk of failure)
Press: ? - help, Q - select action, (/) - cycle Dir - look around, f - activate Flames lash the death yak.
The death yak is lightly wounded.
The death yak's fire resistance burns away.
The death yak gores you!!
Casting: Scorch (safe; 0% risk of failure)
Confirm with . or Enter, or press ? or * to list all spells.
Casting: Flame Wave (dangerous; 1% risk of failure)
Press: ? - help, Dir - look around, f - activate A wave of flame ripples out!
The flame wave engulfs the death yak!
The death yak is heavily wounded. (Press . to intensify the flame waves.)
The death yak barely misses you.
A wave of flame ripples out!
The flame wave engulfs the death yak.
The death yak is severely wounded.
The flame wave engulfs the death yak!!
The death yak is burned terribly!
The death yak is moderately wounded.
The flame wave engulfs the yak!!
The yak is burned terribly!
You kill the yak!
Sif Muna accepts your kill. The death yak gores you!
* * * LOW HITPOINT WARNING * * *
Your Conjurations skill increases to level 2!
A wave of flame ripples out!
The flame wave engulfs the death yak!
The death yak is almost dead.
The flame wave engulfs the death yak!!
The death yak is burned terribly!
The death yak is severely wounded.
You finish channelling waves of flame.
The death yak gores you!
You die...

########### _________.#
_________.#
_______...###########++####
#########'##...............
+.##......#..#.....
##########.##[YF............
#..........@YY.Y)...........
#'#####'#####†.....#..#.....
#.#..#.....##.....†.........
#.#))#####'#####'#####''####
#.#))#...))##.......##''#
#.#))#...†.##.......##..##
#.#[[###[####.......##...##
#.##'#)....##...<...###...#
#.#........##.......# ##..Y.


You could see 3 death yaks, a yak and a blink frog.

Vanquished Creatures
  A deep elf pyromancer (D)
  7 dream sheep (D)
  2 yaks (D)
  A fire bat (D)
  A floating eye (D)
  2 black bears (D)
  A necrophage (D)
  A scorpion (D)
  5 wights (D)
  A jelly (D)
  A quasit (D)
  An iguana (D)
  A gnoll (D)
  An adder (D)
  A white imp (D)
  An ufetubus (D)
  A bat skeleton (D)
  2 giant cockroaches (D)
  A goblin (D)
  A hobgoblin (D)
  3 jackals (D)
  A quokka (D)
  A frilled lizard (D)
  A jackal skeleton (D)
39 creatures vanquished.

Vanquished Creatures (others)
  48 foxfires (D)
48 creatures vanquished.

Grand Total: 87 creatures vanquished

Notes
Turn   | Place    | Note
-------+----------+-------------------------------------------
     0 | D        | rocky1 the Deep Elf Fire Elementalist began the quest for
                  | the Orb.
     0 | D        | Reached XP level 1. HP: 10/10 MP: 6/6
    19 | D        | Found a bloodstained altar of Trog.
    19 | D        | Found a shimmering blue altar of Sif Muna.
    19 | D        | Found a viscous altar of Jiyva.
    19 | D        | Found a hazy altar of Hepliaklqana.
    19 | D        | Found an opulent altar of Gozag.
    20 | D        | Found a glowing golden altar of the Shining One.
    20 | D        | Found a glowing silver altar of Zin.
    20 | D        | Found a basalt altar of Yredelemnul.
    20 | D        | Found a shimmering altar of Xom.
    20 | D        | Found an ornate altar of the Wu Jian Council.
    20 | D        | Found a sacrificial altar of Ru.
    20 | D        | Found a stormy altar of Qazlal.
    20 | D        | Found an iron altar of Okawaru.
    20 | D        | Found a sparkling altar of Nemelex Xobeh.
    20 | D        | Found a burning altar of Makhleb.
    20 | D        | Found a blossoming altar of Fedhas.
    20 | D        | Found a white marble altar of Elyvilon.
    20 | D        | Found a shadowy altar of Dithmenos.
    20 | D        | Found a snail-covered altar of Cheibriados.
    23 | D        | Found a corrupted altar of Lugonu.
    23 | D        | Found a radiant altar of Vehumet.
    24 | D        | Found an ancient bone altar of Kikubaaqudgha.
    24 | D        | Found a hide-covered altar of Uskayaw.
    24 | D        | Found a broken altar of Ashenzari.
    25 | D        | Became a worshipper of Sif Muna the Loreminder
    41 | D        | Reached skill level 4 in Fire Magic
    53 | D        | Reached skill level 5 in Fire Magic
    53 | D        | Reached XP level 2. HP: 13/15 MP: 2/9
   320 | D        | Reached * piety under Sif Muna
   345 | D        | Noticed a wight
   345 | D        | Noticed a wight
   345 | D        | Noticed a floating eye
   349 | D        | Paralysed by a floating eye for 2 turns
   350 | D        | Killed a wight
   350 | D        | Reached ** piety under Sif Muna
   351 | D        | Reached skill level 7 in Fire Magic
   351 | D        | Reached XP level 3. HP: 19/19 MP: 5/12
   354 | D        | Paralysed by a floating eye for 4 turns
   364 | D        | Paralysed by a floating eye for 3 turns
   370 | D        | Paralysed by a floating eye for 3 turns
   374 | D        | Killed a floating eye
   375 | D        | Reached skill level 10 in Fire Magic
   375 | D        | Reached XP level 4. HP: 24/24 MP: 10/16
   375 | D        | Reached XP level 5. HP: 28/28 MP: 11/18
   541 | D        | Reached skill level 11 in Fire Magic
   872 | D        | Reached XP level 6. HP: 32/32 MP: 14/20
  1007 | D        | Learned a level 2 spell: Scorch
  1022 | D        | Reached skill level 10 in Spellcasting
  1022 | D        | Reached skill level 12 in Fire Magic
  1022 | D        | Reached *** piety under Sif Muna
  1157 | D        | Learned a level 3 spell: Volatile Blastmotes
  1161 | D        | Learned a level 3 spell: Inner Flame
  1166 | D        | Learned a level 4 spell: Flame Wave
  1183 | D        | Reached **** piety under Sif Muna
  1184 | D        | Reached skill level 13 in Fire Magic
  1193 | D        | Reached XP level 7. HP: 16/36 MP: 17/23
  1197 | D        | Reached ***** piety under Sif Muna
  1198 | D        | Reached skill level 14 in Fire Magic
  1456 | D        | Noticed a fire bat
  1557 | D        | Killed a fire bat
  1557 | D        | Received a gift from Sif Muna
  1558 | D        | Got Sif Muna's Precepts of Allies {god gift}
  1733 | D        | Noticed a deep elf pyromancer
  1736 | D        | Noticed a fire elemental
  1736 | D        | Noticed a fire elemental
  1737 | D        | Noticed a fire elemental
  1737 | D        | Noticed a fire elemental
  1737 | D        | Killed a deep elf pyromancer
  1738 | D        | Reached skill level 16 in Fire Magic
  1738 | D        | Reached XP level 8. HP: 41/41 MP: 14/25
  2267 | D        | Noticed an anaconda
  2267 | D        | Noticed a lindwurm
  2385 | D        | Noticed a dream sheep
  2385 | D        | Noticed a dream sheep
  2385 | D        | Noticed a dream sheep
  2385 | D        | Noticed a dream sheep
  2387 | D        | Noticed a dream sheep
  2388 | D        | Noticed a dream sheep
  2388 | D        | Noticed a dream sheep
  2415 | D        | Killed a dream sheep
  2416 | D        | Killed a dream sheep
  2417 | D        | Reached skill level 17 in Fire Magic
  2422 | D        | Killed a dream sheep
  2422 | D        | Received a gift from Sif Muna
  2423 | D        | Killed a dream sheep
  2424 | D        | Reached skill level 18 in Fire Magic
  2424 | D        | Reached XP level 9. HP: 26/45 MP: 5/26
  2427 | D        | Reached skill level 10 in Invocations
  2598 | D        | Learned a level 4 spell: Summon Lightning Spire
  2608 | D        | Noticed a death yak
  2609 | D        | Noticed a death yak
  2609 | D        | Received a gift from Sif Muna
  2610 | D        | Reached skill level 19 in Fire Magic
  2610 | D        | Got Sif Muna's Wizarding, and How To Use It {god gift}
  2627 | D        | Noticed a death yak
  2629 | D        | Reached skill level 1 in Summonings
  2629 | D        | Reached skill level 1 in Air Magic
  2635 | D        | Slain by a death yak

Illustrated notes

Levels and vault maps discovered:
D:        pitsprint [storerooms_1, entrance_room_1, metal_vault_5, armoury_1,
          mini_pit_1, grid_room_1, main_hall_1, silver_pit, the_coven_3,
          the_vestibule_1, steel_vault_2, golden_pit, hallway_of_sentries,
          crystal_vault_1, iron_vault_4, final_vault]

Skill      XL: |  1  2  3  4  5  6  7  8  9 |
---------------+----------------------------+-----
Fire Magic     | 5 7 10 11 13 16 18 19 | 19.1
Spellcasting   | 4 6 8 9 11 | 11.6
Invocations    | 2 6 9 10 | 10.2
Summonings     | 1 |  1.6
Air Magic      | 1 |  1.4
Conjurations   | 2 |  2.2
Dodging        | |  2.5
Stealth        | |  2.5

Action                     |  1- 3 |  4- 6 |  7- 9 || total
---------------------------+-------+-------+-------++-------
  Melee: Unarmed           |     1 |       |       ||     1
         Short sword       |       |       |     7 ||     7
         Punch             |       |       |     1 ||     1
   Cast: Foxfire           |    15 |    11 |     4 ||    30
         Scorch            |       |    20 |    37 ||    57
         Flame Wave        |       |       |     4 ||     4
    Use: Potion            |     3 |     3 |     5 ||    11
         Scroll            |     1 |       |       ||     1
 Armour: Robe              |     1 |     2 |     4 ||     7
  Dodge: Dodged            |     7 |    15 |    23 ||    45

Table legend: (Time is in decaauts)
 A = Elapsed time spent in this place.
 B = Non-inter-level travel time spent in this place.
 C = Inter-level travel time spent in this place.
 D = Time resting spent in this place.
 E = Time spent auto-exploring this place.
 F = Levels seen in this place.
 G = Mean time per level.
                   A        B        C        D        E       F      G
               +--------+--------+--------+--------+--------+-----+--------+
         Total |   2622 |   2606 |     16 |   2112 |      0 |   1 | 2622.0 |
       Dungeon |   2622 |   2606 |     16 |   2112 |      0 |   1 | 2622.0 |
               +--------+--------+--------+--------+--------+-----+--------+

Top non-repeatable levels by time:
       D: 2622 daAuts
